 Dungeon Crawl Stone Soup version 0.29.0-13-gc9e81de378 (webtiles) character file.

Game seed: 16591627829132943207

232 Ofeo the Firebug (level 6, -13/45 HPs)
             Began as a Meteoran Fire Elementalist on Sept 9, 2022.
             Killed from afar by a steam dragon (20 damage)
             ... with a ball of steam
             ... on level 6 of the Dungeon.
             The game lasted 00:03:47 (430 turns).

Ofeo the Firebug (Meteoran Fire Elementalist)        Turns: 430, Time: 00:03:48

Health: -13/45     AC:  3    Str: 11    XL:     6   Next: 50%
Magic:  13/13      EV: 13    Int: 18    God:
Gold:   55         SH:  0    Dex: 14    Spells: 7/13 levels left

rFire   . . .      SeeInvis .   (no weapon)
rCold   . . .      Faith    .   (no shield)
rNeg    . . .      Spirit   .   a - +0 robe
rPois   +          Reflect  .   (no helmet)
rElec   .          Harm     .   (no cloak)
rCorr   .          Rampage  .   i - +0 pair of gloves
Will    .....                   (no boots)
Stlth   +.........              (no amulet)
HPRegen 0.95/turn               j - ring of poison resistance
MPRegen 0.13/turn               (no ring)

@: glowing
A: sense surroundings 1, otherworldly, glowing, explore regen, regeneration 1
a: no special abilities


You were on level 6 of the Dungeon.
You visited 1 branch of the dungeon, and saw 7 of its levels.

You collected 55 gold pieces.

Inventory:

Armour
 a - a +0 robe (worn)
 i - a +0 pair of gloves (worn)
Jewellery
 j - a ring of poison resistance (left hand)
Wands
 l - a wand of flame (3)
 m - a wand of charming (6)
Scrolls
 c - a scroll of identify {unknown}
Potions
 b - a potion of magic
 f - a potion of curing {unknown}
 g - a potion of berserk rage {unknown}
 h - a potion of flight {unknown}
 k - a potion of brilliance {unknown}


   Skills:
 + Level 3.9 Dodging
 + Level 2.4 Stealth
 + Level 4.0 Spellcasting
 + Level 3.2 Conjurations
 + Level 4.7 Fire Magic


You had 7 spell levels left.
You knew the following spells:

 Your Spells              Type           Power      Damage    Failure   Level
a - Foxfire               Conj/Fire      72%        2x1d7     2%          1
b - Scorch                Fire           40%        2d7       3%          2
c - Conjure Flame         Conj/Fire      18%        6-21      9%          3

Your spell library contained the following spells:

 Spells                   Type           Power      Damage    Failure   Level
 Inner Flame              Hex/Fire       12%        N/A       17%         3
 Flame Wave               Conj/Fire      18%        2d7       28%         4


Dungeon Overview and Level Annotations

Branches:
Dungeon (7/15) Zot: 3769
 Temple: D:4-7

Altars:
Yredelemnul


Innate Abilities, Weirdness & Mutations

You passively map a small area around you.
You are easily found by Zot.
You glow in the dark.
You regain HP and MP as you explore.
Your natural rate of healing is unusually fast.


Message History

A steam dragon comes into view.
You regained 2 hp, and now have 44/45 hp.
The steam dragon hisses angrily.
The steam dragon breathes steam at you. The ball of steam hits you!!
You take 18 damage, and have 26/45 hp.
MASSIVE DAMAGE!!
It was a potion of ambrosia.
You are confused.
You feel invigorated.
You regained 4 hp, and now have 31/45 hp.
You regained 5 hp, and now have 36/45 hp.
The steam dragon breathes steam at you. The ball of steam hits you!!
Ouch! That really hurt!
You take 20 damage, and have 16/45 hp.
MASSIVE DAMAGE!!
You're too confused to move!
You are engulfed in a cloud of scalding steam.
* * * LOW HITPOINT WARNING * * *
You take 7 damage, and have 9/45 hp.
You regained 5 hp, and now have 14/45 hp.
You're too confused to move!
The steam dragon breathes steam at you. The ball of steam hits you!
* * * LOW HITPOINT WARNING * * *
You take 9 damage, and have 5/45 hp.
You regained 5 hp, and now have 10/45 hp.
It was a potion of mutation.
You feel extremely strange.
You begin to heal more quickly.
You feel agile.
You feel clumsy.
You feel less invigorated.
You feel less confused. The steam dragon breathes steam at you.
The ball of steam hits you!
* * * LOW HITPOINT WARNING * * *
You hear a shout!
You take 5 damage, and have 5/45 hp.
The steam dragon breathes steam at you. The ball of steam hits you!!
You die...

, , , .#...##........ .#
.D.... ..........., ,
#......##.....##... ,
#..#.......!.......*, *
,..................#
...................
..#.....§§........#
........D§§@....... §..#
#........§........
h#.####...#...#§§§§.#.##
.#..##....#..##...§§...
...........>...........#
..##.#.............###..
..##.##.............# ,.
..#..##......#.#....#
.........†...###...##


There were no monsters in sight!

Vanquished Creatures
  A bullfrog (D:5)
  3 hounds
  An iguana (D:6)
  4 adders
  A dart slug (D:3)
  An endoplasm (D:3)
  8 goblins
  2 hobgoblins (D:2)
  A quokka (D:2)
  A ball python (D:2)
  A kobold (D:3)
  2 rats
26 creatures vanquished.

Vanquished Creatures (others)
  63 foxfires
63 creatures vanquished.

Grand Total: 89 creatures vanquished

Notes
Turn   | Place    | Note
-------+----------+-------------------------------------------
     0 | D:1      | Ofeo the Meteoran Fire Elementalist began the quest for the
                  | Orb.
     0 | D:1      | Reached XP level 1. HP: 14/14 MP: 5/5
   109 | D:2      | Reached XP level 2. HP: 20/20 MP: 1/6
   167 | D:3      | Reached XP level 3. HP: 22/26 MP: 2/8
   170 | D:3      | Learned a level 2 spell: Scorch
   174 | D:3      | Learned a level 3 spell: Conjure Flame
   240 | D:4      | You fall into a shaft and drop 2 floors!
   256 | D:6      | Found a basalt altar of Yredelemnul.
   276 | D:6      | Noticed a bullfrog
   293 | D:5      | Entered Level 5 of the Dungeon
   297 | D:5      | Killed a bullfrog
   298 | D:5      | Reached XP level 4. HP: 27/33 MP: 5/10
   298 | D:5      | Reached XP level 5. HP: 31/38 MP: 5/11
   368 | D:6      | Reached XP level 6. HP: 45/45 MP: 4/12
   395 | D:7      | Noticed a centaur
   419 | D:6      | Noticed a steam dragon
   429 | D:6      | Gained mutation: Your natural rate of healing is unusually
                  | fast. [potion of mutation]
   429 | D:6      | Gained mutation: You are agile. (Dex +4, Str/Int -1)
                  | [potion of mutation]
   429 | D:6      | Lost mutation: You are agile. (Dex +4, Str/Int -1) [potion
                  | of mutation]
   430 | D:6      | Killed from afar by a steam dragon

Illustrated notes

Levels and vault maps discovered:
D:1:      enne_arrival_octagon_isle, layout_loops_ring,
          minmay_misc_feat_diagonals
D:2:      layout_rooms, uniq_robin
D:3:      cheibrodos_helix_gallery, layout_loops_cross,
          overflow_temple_1_default, chequers_ecumenical_altar_lobes
D:4:      layout_basic, portal_sewer_entry_b, uniq_edmund
D:5:      layout_cave_pools, evilmike_ruin_ashenzari, gammafunk_ghost_arena,
          uniq_crazy_yiuf_cottage, uniq_grinder
D:6:      layout_cave_pools, mainiacjoe_overflow_concentric_impassable,
          minmay_temple_entry_purple_smoke, uniq_pikel, uniq_maggie
D:7:      layout_gridville, mainiacjoe_overflow_paths,
          ebering_ghost_disaster_area

Skill      XL: |  1  2  3  4  5  6 |
---------------+-------------------+-----
Spellcasting   | 3 4 |  4.0
Fire Magic     | 4 |  4.7
Dodging        | 3 |  3.9
Stealth        | 2 |  2.4
Conjurations   | 2 3 |  3.2

Action                   |  1- 3 |  4- 6 || total
-------------------------+-------+-------++-------
Melee: Unarmed           |     2 |     4 ||     6
 Cast: Foxfire           |    27 |     9 ||    36
       Scorch            |     2 |     8 ||    10
  Use: Scroll            |     3 |       ||     3
       Potion            |       |     2 ||     2
Armor: Robe              |     5 |     2 ||     7
Dodge: Dodged            |    25 |     6 ||    31
